 Dungeon Crawl Stone Soup version 0.24.1-5-g77f818bfca (webtiles) character file.

Game seed: 9983259124268069477, levelgen mode: deterministic

3010 Peloso the Shield-Bearer (level 9, 0/68 HPs)
             Began as a Demonspawn Fighter on Apr 24, 2020.
             Was a Priest of Okawaru.
             Killed from afar by an electric eel (7 damage)
             ... with a bolt of electricity
             ... on level 8 of the Dungeon.
             The game lasted 00:14:08 (7206 turns).

Peloso the Shield-Bearer (Demonspawn Fighter)       Turns: 7206, Time: 00:14:10

Health: 0/68       AC: 14    Str: 19    XL:     9   Next: 55%
Magic:  10/10      EV:  5    Int: 11    God:    Okawaru [***...]
Gold:   372        SH: 15    Dex: 12    Spells: 8/8 levels left

rFire    . . .     SeeInvis .   a - +1 falchion (slice)
rCold    . . .     Gourm    .   c - +0 shield
rNeg     . . .     Faith    .   p - +0 plate armour
rPois    .         Spirit   .   (helmet restricted)
rElec    .         Reflect  .   o - +0 cloak
rCorr    .         Harm     .   (no gloves)
MR       .....                  (no boots)
Stlth    ..........             (no amulet)
HPRegen  0.21/turn              r - ring of flight
MPRegen  0.12/turn              (no ring)

@: no status effects
A: horns 2, large bone plates 1, spiny 1
a: Heroism, Renounce Religion, Evoke Flight


You were on level 8 of the Dungeon.
You worshipped Okawaru.
Okawaru was most pleased with you.
You were near starving.

You visited 2 branches of the dungeon, and saw 9 of its levels.

You collected 372 gold pieces.

Inventory:

Hand Weapons
 a - a +1 falchion of slicing (weapon)
Armour
 b - a +0 scale mail
 c - a +0 shield (worn)
 o - a +0 cloak (worn)
 p - a +0 plate armour (worn)
Jewellery
 r - a ring of flight (left hand)
 A - an uncursed ring of stealth
Wands
 e - a wand of random effects (26)
 m - a wand of digging (4)
Scrolls
 g - a scroll of enchant armour
 h - a scroll of amnesia
 i - a scroll of remove curse
 k - 4 scrolls of teleportation
 l - 2 scrolls of fog
 q - a scroll of noise {unknown}
 w - a scroll of enchant weapon
 y - 2 scrolls of magic mapping
 C - a scroll of random uselessness {unknown}
 D - a scroll of fear {unknown}
Potions
 d - a potion of might
 j - a potion of resistance
 n - a potion of degeneration
 s - a potion of heal wounds
 t - a potion of cancellation
 u - a potion of berserk rage
 v - a potion of brilliance
 x - a potion of agility
 z - a potion of flight
Comestibles
 f - 11 rations


   Skills:
 + Level 5.5 Fighting
 + Level 6.5 Long Blades
 + Level 6.1 Armour
 + Level 1.1 Dodging
 + Level 1.5 Stealth
 + Level 7.8 Shields
 + Level 1.4 Invocations


You had 8 spell levels left.
You didn't know any spells.
Your spell library contained the following spells:

 Spells                   Type           Power        Failure   Level  Hunger
 Bolt of Magma            Conj/Fire/Erth #.........   100%        5    ######.
 Iskenderun's Battlesphe  Conj/Chrm      #.......     100%        5    ######.
 Venom Bolt               Conj/Pois      #.........   100%        5    ######.
 Iron Shot                Conj/Erth      #.........   100%        6    #######
 Orb of Destruction       Conj           #.........   100%        7    #######
 Spellforged Servitor     Conj/Summ      #.........   100%        7    #######


Dungeon Overview and Level Annotations

Branches:
Dungeon (8/15)             Temple (1/1) D:5
   Lair: D:8-11

Altars:
Ashenzari
Cheibriados
Dithmenos
Elyvilon
Fedhas
Gozag
Hepliaklqana
Kikubaaqudgha
Makhleb
Nemelex Xobeh
Okawaru
Qazlal
Ru
Sif Muna
Trog
Uskayaw
Vehumet
Wu Jian
Xom
Yredelemnul
Zin
The Shining One

Annotations:
D:7 1 runed translucent door, Heliosone's ghost, novice KoBe


Innate Abilities, Weirdness & Mutations

You have a pair of horns on your head.
You are partially covered in large bone plates. (SH +4)
You are partially covered in sharp spines.


Message History

You hit the bullfrog zombie.
The bullfrog zombie is severely damaged.
You block the hound's attack. The hound is struck by your spines.
The hound bites you.
The electric eel shoots out a bolt of lightning at you!
The bolt of electricity hits you! x2; The bullfrog zombie barely misses you.
The hound is struck by your spines. The hound bites you but does no damage.
You block the hound's attack.
The bullfrog zombie is struck by your spines.
You destroy the bullfrog zombie!
Okawaru accepts your kill. The hound bites you but does no damage.
The electric eel shoots out a bolt of lightning at you!
The bolt of electricity hits you!
* * * LOW HITPOINT WARNING * * *
The bolt of electricity hits you.
* * * LOW HITPOINT WARNING * * *
The electric eel shoots out a bolt of lightning at you!
The bolt of electricity hits you!
You die...

## ##≈≈≈.≈h≈ .
..#.≈..≈≈≈≈ #.
#.#[...≈≈≈≈
##.##.#....≈;≈.
..........;.;..
...............
......#........
......hh....#
......#@#####
.F... #.# ....
#........ ###
#######.#


You could see 2 hounds and 3 electric eels.

Vanquished Creatures
  A hornet (D:7)
  Prince Ribbit (D:7)
  4 ogres
  A phantom (D:6)
  A centaur (D:6)
  A big kobold (D:7)
  4 bullfrogs
  A water moccasin zombie (D:7)
  3 scorpions
  4 wights (D:7)
  5 howler monkeys
  A crimson imp (D:6)
  2 bullfrog zombies
  A centaur zombie (D:7)
  4 orc wizards
  A gnoll shaman (D:4)
  3 orc priests
  2 jellies (D:5)
  A bullfrog skeleton (D:7)
  6 hounds
  Ijyb (D:5)
  11 worker ants
  2 hound skeletons
  A worker ant zombie (D:7)
  9 gnolls
  10 adders
  A shadow imp (D:7)
  An ooze (D:1)
  A worm (D:2)
  A dart slug (D:2)
  4 leopard geckos
  15 orcs
  3 giant cockroaches
  9 goblins
  8 hobgoblins
  9 jackals
  10 kobolds
  4 quokkas
  4 ball pythons
  4 bats
  2 frilled lizards
  A jackal skeleton (D:4)
  3 leopard gecko skeletons
  6 rats
167 creatures vanquished.

Vanquished Creatures (others)
  An orc wizard (D:3)
1 creature vanquished.

Grand Total: 168 creatures vanquished

Notes
Turn   | Place    | Note
-------+----------+-------------------------------------------
     0 | D:1      | Peloso the Demonspawn Fighter began the quest for the Orb.
     0 | D:1      | Reached XP level 1. HP: 18/18 MP: 1/1
    68 | D:1      | Gained mutation: You are partially covered in large bone
                  | plates. (SH +4) [demonic ancestry]
    68 | D:1      | Reached XP level 2. HP: 15/24 MP: 2/2
   513 | D:1      | Reached XP level 3. HP: 29/29 MP: 3/3
  1048 | D:1      | Reached skill level 3 in Shields
  1226 | D:2      | Found a stormy altar of Qazlal.
  1381 | D:2      | Noticed an angel
  1382 | D:2      | Found a shimmering altar of Xom.
  1382 | D:2      | Found a glowing silver altar of Zin.
  1400 | D:2      | Gained mutation: You have a pair of small horns on your
                  | head. [demonic ancestry]
  1400 | D:2      | Reached XP level 4. HP: 31/35 MP: 4/4
  1748 | D:2      | Reached XP level 5. HP: 21/41 MP: 5/5
  2111 | D:3      | Reached skill level 4 in Shields
  2557 | D:4      | Reached XP level 6. HP: 39/48 MP: 6/6
  2754 | D:4      | Reached skill level 1 in Dodging
  2771 | D:4      | Found a blossoming altar of Fedhas.
  3273 | D:4      | Gained mutation: You have a pair of horns on your head.
                  | [demonic ancestry]
  3273 | D:4      | Reached XP level 7. HP: 53/54 MP: 7/7
  3281 | D:4      | Reached skill level 5 in Shields
  3806 | D:5      | Entered Level 5 of the Dungeon
  3849 | D:5      | Found a staircase to the Ecumenical Temple.
  3863 | Temple   | Entered the Ecumenical Temple
  4013 | Temple   | Became a worshipper of Warmaster Okawaru
  4185 | D:5      | Noticed Ijyb
  4204 | D:5      | Killed Ijyb
  4224 | D:5      | Reached XP level 8. HP: 54/61 MP: 8/8
  4403 | D:5      | Reached skill level 6 in Shields
  4602 | D:6      | Found a basalt altar of Yredelemnul.
  4771 | D:6      | Reached skill level 5 in Armour
  4827 | D:6      | Reached * piety under Okawaru
  4838 | D:6      | HP: 1/61 [scorpion (7)]
  5209 | D:6      | Reached skill level 5 in Long Blades
  5209 | D:6      | Reached skill level 7 in Shields
  5269 | D:6      | Reached skill level 1 in Invocations
  5885 | D:7      | Reached ** piety under Okawaru
  5895 | D:7      | Reached skill level 5 in Fighting
  5895 | D:7      | Gained mutation: You are partially covered in sharp spines.
                  | [demonic ancestry]
  5895 | D:7      | Reached XP level 9. HP: 47/68 MP: 10/10
  6051 | D:7      | Found a hide-covered altar of Uskayaw.
  6114 | D:7      | Found a runed translucent door.
  6114 | D:7      | Noticed a cyclops
  6114 | D:7      | Noticed Heliosone's ghost (novice KoBe)
  6374 | D:7      | Reached skill level 1 in Stealth
  6682 | D:8      | Noticed Prince Ribbit
  6692 | D:8      | HP: 2/68 [electric eel/bolt of electricity (4)]
  7162 | D:7      | Killed Prince Ribbit
  7162 | D:7      | Reached *** piety under Okawaru
  7206 | D:8      | Killed from afar by an electric eel

Levels and vault maps discovered:
D:1:      psy_arrival_radial02, layout_basic
D:2:      layout_basic, grunt_temple_overflow_order_and_chaos_1,
          old_standard_altar
D:3:      layout_rooms
D:4:      layout_basic, fedhas_altar_1
D:5:      layout_loops_ring, minmay_temple_entry_trees, first_ration, uniq_ijyb
D:6:      layout_basic, lemuel_round_altar
D:7:      layout_basic, overflow_temple_1_default, ebering_ghost_inner_flame
D:8:      layout_loops_ring, erik_lair_island, basic_altar, uniq_prince_ribbit1
Temple:   regret_index_temple_sphere_string

Skill      XL: |  1  2  3  4  5  6  7  8  9 |
---------------+----------------------------+-----
Long Blades    | 2 3 4 5 6 |  6.5
Shields        | 3 4 5 7 |  7.8
Armour         | 3 4 5 6 |  6.1
Fighting       | 4 5 |  5.5
Dodging        | 1 |  1.1
Invocations    | 1 |  1.4
Stealth        | 1 |  1.5

Action                   |  1- 3 |  4- 6 |  7- 9 || total
-------------------------+-------+-------+-------++-------
Melee: Long sword        |    98 |   125 |       ||   223
       Headbutt          |       |    35 |   102 ||   137
       Falchion          |       |    78 |   456 ||   534
Invok: Heroism           |       |       |     1 ||     1
Evoke: Wand              |       |       |     1 ||     1
  Use: Potion            |       |     6 |     1 ||     7
       Scroll            |       |     8 |     4 ||    12
  Eat: Chunk             |     2 |     6 |    12 ||    20
Armor: Scale mail        |    15 |       |       ||    15
       Plate armour      |    27 |   159 |   224 ||   410
Dodge: Dodged            |    20 |    51 |    49 ||   120
Block: Shield            |    78 |   189 |   319 ||   586
       Rpst.: Long sword |     6 |    11 |       ||    17
       Falchion          |       |     3 |    20 ||    23
